Unix NetHack Version 5.0.0-0 post-release - last build May  4 2026 22:22:43 (774f63e81ad911689b3a0859ea89b322d5daca8d,branch:main).

Game began 2026-05-08 18:31:20, ended 2026-05-08 18:40:47.

Eymerich, chaotic male elven Priest

      ..|
      ..-
   ......
   ....@G-
   -.--hG.
       -..

Eymerich the Aspirant        St:12 Dx:14 Co:12 In:9 Wi:18 Ch:10  Chaotic
Dlvl:3  $:7  HP:0(16) Pw:19(19) AC:7  Xp:2 T:1073 

Latest messages:
 The dart misses the dwarf.
 You hit the dwarf.
 The dwarf reads a scroll labeled PHOL ENDE WODAN!
 The dwarf vanishes!
 You hear rumbling in the distance.
 You see here a cursed dart.
 l - a cursed dart (at the ready) (6 in total).
 You hear rumbling in the distance.
 The gnome lord wields a thonged club!
 The gnome lord secures the tether on the thonged club.
 You hear a nearby zap.
 You hit the gnome.
 The gnome hits!
 You kill the gnome!
 Welcome to experience level 2.
 Pick a monster, object or location.
 The dwarf wields a dagger!
 You miss the gnome lord.
 You hit the gnome lord!
 The gnome lord swings his thonged club.
 The gnome lord hits!
 You hit the gnome lord.
 The dwarf thrusts his dagger.
 The dwarf hits!
 You climb up the stairs.
 The goblin throws a crude dagger!
 The crude dagger slips as the goblin throws it!
 You stop searching.
 Are you waiting to get hit?  Use 'm' prefix to force a no-op (to rest).
 You kill the goblin!
 There is a goblin corpse here; eat it? [ynq] (n)
 This goblin corpse is fatty.
 You finish eating the goblin corpse.
 A - a cursed crude dagger.
 You hear the chime of a cash register.
 You stop waiting.
 You kill the bat!
 You are in full health.
 You descend the stairs.
 The gnome lord swings his thonged club.
 The gnome lord hits!
 The gnome misses!
 You hit the gnome lord!
 The dwarf thrusts his dagger.
 The dwarf hits!
 The gnome lord swings his thonged club.
 The gnome lord hits!
 You die...
 Do you want your possessions identified? [ynq] (y)
 Do you want to see your attributes? [ynq] (y)

Inventory:
 Coins    ('$')
  $ - 7 gold pieces
 Weapons  (')')
  k - 5 +0 darts
  l - 6 cursed -1 darts (at the ready)
  x - a +0 orcish dagger
  A - a cursed -1 orcish dagger
  a - a blessed +1 mace (weapon in right hand)
 Armor    ('[')
  c - a +0 small shield (being worn)
  b - a +0 robe (being worn)
 Comestibles  ('%')
  y - a candy bar labeled "Fruity Oaty"
  e - a clove of garlic
  w - 2 food rations
  f - a sprig of wolfsbane
 Scrolls  ('?')
  t - a scroll of amnesia
  v - a scroll of identify
  u - a scroll of magic mapping
 Spellbooks  ('+')
  h - a spellbook of healing
  g - a spellbook of light
 Potions  ('!')
  o - a potion of monster detection
  d - 4 potions of holy water
  q - a potion of water
  z - a potion of water
 Wands    ('/')
  j - a wand of polymorph (0:6)
 Tools    ('(')
  i - a wooden harp
  n - 5 tallow candles
 Gems/Stones  ('*')
  m - a cursed worthless piece of red glass named soft

Eymerich the Priest's attributes:

Background:
 You were an Aspirant, a level 2 elven Priest.
 You were chaotic, on a mission for Mars
 who was opposed by Mercury (lawful) and Venus (neutral).
 You were right-handed.
 You were in the Gnomish Mines, on level 3.
 You entered the dungeon 1073 turns ago.
 You had 32 experience points, 8 more were needed to attain level 3.

Basics:
 You had 0 out of 16 hit points.
 You had all 19 energy points (spell power).
 Your armor class was 7.
 Your wallet contained 7 zorkmids.
 Autopickup was off.

Final Characteristics:
 Your strength was 12 (limit:18).
 Your dexterity was 14 (limit:18).
 Your constitution was 12 (limit:16).
 Your intelligence was 9 (limit:20).
 Your wisdom was 18 (limit:20).
 Your charisma was 10 (limit:18).

Final Status:
 You weren't hungry.
 You were unencumbered.
 You were wielding a mace.
 You had basic skill with mace.

Final Attributes:
 You were devoutly aligned.
 You had infravision.
 You were guarded.
 Your spell casting was enhanced by wearing a robe.
 You are dead.

Miscellaneous:
 You didn't encounter any bones levels.
 Total elapsed playing time was 9 minutes and 24 seconds.

Major events:
 Turn
    1: Eymerich the chaotic elven Priest entered the dungeon
  960: entered the Gnomish Mines
 1073: killed by a gnome lord

Spells:
 Name                 Level Category     Fail Retention
 light                  1   clerical       0%  91%-100%
 healing                1   healing        0%  76%-100%

Skills:
 Fighting Skills
   bare handed combat [Unskilled]
 Weapon Skills
   club               [Unskilled]
   mace               [Basic]
   morning star       [Unskilled]
   flail              [Unskilled]
   hammer             [Unskilled]
   quarterstaff       [Unskilled]
   polearms           [Unskilled]
   spear              [Unskilled]
   trident            [Unskilled]
   lance              [Unskilled]
   bow                [Unskilled]
   sling              [Unskilled]
   crossbow           [Unskilled]
   dart               [Unskilled]
   shuriken           [Unskilled]
   boomerang          [Unskilled]
   unicorn horn       [Unskilled]
 Spellcasting Skills
   healing spells     [Unskilled]
   divination spells  [Unskilled]
   clerical spells    [Basic]

Voluntary challenges:
 Character rerolling was not enabled.
 You were illiterate.
 You never genocided any monsters.
 You never polymorphed an object.
 You never changed form.
 You used no wishes.
Achievements:
 You entered a shop.
 You entered the Gnomish Mines.

 The Dungeons of Doom: levels 1 to 3
    Level 1:
    Level 2:
       A food shop.
       Stairs down to The Gnomish Mines.
    Level 3:
       A fountain.
 The Gnomish Mines:
    Level 3: <- You were here.
       Final resting place for
          you, killed by a gnome lord.


Vanquished creatures:
  a dwarf
  2 gnomes
  2 goblins
  a sewer rat
  a grid bug
  a bat
  6 newts
14 creatures vanquished.

No species were genocided or became extinct.

Game over:
                       ----------
                      /          \
                     /    REST    \
                    /      IN      \
                   /     PEACE      \
                  /                  \
                  |     Eymerich     |
                  |       7 Au       |
                  |   killed by a    |
                  |    gnome lord    |
                  |                  |
                  |                  |
                  |       2026       |
                 *|     *  *  *      | *
        _________)/\\_//(\/(/\)/\//\/|_)_______

Goodbye Eymerich the Priest...

You died in The Gnomish Mines on dungeon level 3 with 235 points,
and 7 pieces of gold, after 1073 moves.
You were level 2 with a maximum of 16 hit points when you died.

